 Dungeon Crawl Stone Soup version 0.30.0-29-ga12c61a403 (webtiles) character file.

Game seed: 14843754646615946890

1502 Bnni the Spear-Bearer (level 9, -1/72 HPs)
             Began as a Formicid Fighter on June 15, 2023.
             Engulfed by a cloud of steam (7 damage)
             ... on level 6 of the Dungeon.
             The game lasted 00:09:13 (5183 turns).

Bnni the Spear-Bearer (Formicid Fighter)            Turns: 5183, Time: 00:09:14

Health: -1/72      AC:  9    Str: 25    XL:     9   Next: 8%
Magic:  9/9        EV:  9    Int:  8    God:
Gold:   318        SH:  5    Dex: 13    Spells: 8/8 levels left

rFire   . . .        G - +0 scythe
rCold   . . .        c - +0 buckler
rNeg    . . .        p - +1 scale mail {rPois}
rPois   +            (helmet unavailable)
rElec   .            C - +0 cloak
rCorr   +            (no gloves)
SInv    +            (no boots)
Will    .....        (no amulet) Stlth
                     v - ring of resist corrosion
HPRegen 0.32/turn    (no ring)
MPRegen 0.11/turn

%: no passive effects
@: no status effects
A: permanent stasis, dig shafts and tunnels, antennae 3, four strong arms
a: Dig, Shaft Self


You were on level 6 of the Dungeon.
You visited 2 branches of the dungeon, and saw 7 of its levels.

You collected 318 gold pieces.

Inventory:

Hand Weapons
 k - a +2 dagger of venom
 F - a +1 broad axe of electrocution
 G - a +0 scythe (weapon)
Missiles
 o - 16 poisoned darts
 D - a throwing net
Armour
 c - a +0 buckler (worn)
 p - a +1 scale mail of poison resistance (worn)
 C - a +0 cloak (worn)
Jewellery
 v - a ring of resist corrosion (left hand)
Wands
 w - a wand of paralysis (1)
 B - a wand of mindburst (13)
Scrolls
 a - 4 scrolls of acquirement {unknown}
 b - 4 scrolls of teleportation {unknown}
 e - 3 scrolls of fog {unknown}
 h - 4 scrolls of poison {unknown}
 i - a scroll of brand weapon {unknown}
 j - a scroll of enchant weapon {unknown}
 l - a scroll of magic mapping {unknown}
 m - 6 scrolls of identify {unknown}
 n - a scroll of immolation {unknown}
 s - 2 scrolls of blinking {unknown}
 y - a scroll of enchant armour {unknown}
 E - a scroll of fear {unknown}
 H - a scroll of noise {unknown}
Potions
 d - a potion of brilliance {unknown}
 f - 8 potions of curing
 g - a potion of flight {unknown}
 q - a potion of cancellation {unknown}
 r - a potion of invisibility {unknown}
 t - 2 potions of mutation {unknown}
 u - 3 potions of haste {unknown}
 x - a potion of ambrosia {unknown}
 z - a potion of magic {unknown}
 A - a potion of berserk rage {unknown}


   Skills:
 + Level 7.4 Fighting
 * Level 9.0 Polearms
 - Level 3.2 Armour
 - Level 4.0 Shields


You had 8 spell levels left.
You didn't know any spells.
Your spell library contained the following spells:

 Spells                   Type           Power      Damage    Failure   Level
 Freeze                   Ice            0%         1d3       77%         1
 Magic Dart               Conj           0%         1d3       77%         1
 Sandblast                Erth           0%         2d4       77%         1
 Slow                     Hex            0%         N/A       77%         1
 Sting                    Tmut/Pois      0%         1d3       77%         1
 Summon Small Mammal      Summ           0%         N/A       77%         1
 Call Imp                 Summ           0%         N/A       88%         2
 Ensorcelled Hibernation  Hex/Ice        0%         N/A       88%         2
 Lesser Beckoning         Tloc           0%         N/A       88%         2
 Momentum Strike          Conj/Tloc      0%         3d8       88%         2
 Passwall                 Tmut/Erth      0%         N/A       88%         2
 Poisonous Vapours        Pois/Air       0%         N/A       88%         2
 Call Canine Familiar     Summ           0%         N/A       98%         3
 Gell's Gravitas          Tloc           0%         N/A       98%         3
 Mephitic Cloud           Conj/Pois/Air  0%         N/A       98%         3
 Spider Form              Tmut/Pois      0%         N/A       98%         3
 Stone Arrow              Conj/Erth      0%         3d7       98%         3
 Summon Guardian Golem    Hex/Summ       0%         N/A       98%         3
 Teleport Other           Tloc           0%         N/A       98%         3
 Anguish                  Hex/Necr       0%         N/A       100%        4
 Olgreb's Toxic Radiance  Pois           0%         N/A       100%        4
 Dispersal                Tloc           0%         N/A       100%        6
 Blink                    Tloc           Unusable   N/A       N/A         2

Dungeon Overview and Level Annotations

Branches:
Dungeon (6/15)             Temple (1/1) D:4

Altars:
Ashenzari
Cheibriados
Dithmenos
Elyvilon
Fedhas
Gozag
Hepliaklqana
Kikubaaqudgha
Makhleb
Okawaru
Qazlal
Ru
Sif Muna
Trog
Vehumet
Wu Jian
Xom
Zin
The Shining One

Shops:
D:4 ([*


Innate Abilities, Weirdness & Mutations

You cannot be hasted, slowed, berserked, paralysed or teleported.
You can dig through walls and to a lower floor.
You have a pair of large antennae on your head. (SInv)
Your four strong arms can wield two-handed weapons with a shield.


Message History

The steam dragon is moderately wounded.
You are engulfed in a cloud of scalding steam.
The steam dragon bites you. The steam dragon claws you.
The steam dragon bites you but does no damage.
The steam dragon barely misses you.
You puncture the steam dragon!
The steam dragon is heavily wounded.
The steam dragon bites you. The steam dragon barely misses you.
You puncture the steam dragon!
The steam dragon is almost dead.
You block the steam dragon's attack.
The steam dragon claws you but does no damage.
You barely miss the steam dragon.
The steam dragon is almost dead.
The steam dragon bites you. You block the steam dragon's attack.
You barely miss the steam dragon.
The steam dragon is almost dead.
The steam dragon barely misses you. The steam dragon claws you.
* * * LOW HITPOINT WARNING * * *
You hit the steam dragon but do no damage.
The steam dragon is almost dead.
The steam dragon breathes steam at you. The ball of steam hits you!
* * * LOW HITPOINT WARNING * * *
You barely miss the steam dragon.
The steam dragon is almost dead.
You are engulfed in a cloud of scalding steam.
* * * LOW HITPOINT WARNING * * *
The steam dragon barely misses you. The steam dragon closely misses you.
Aiming: Paralyse
Press: ? - help, Shift-Dir - straight line, f/p - steam dragon
Aim: a steam dragon (almost dead, chance to affect: 49%)
Okay, then.
Aiming: Mindburst
Press: ? - help, Shift-Dir - straight line, f/p - steam dragon
Aim: a steam dragon (almost dead, chance to affect: 64%)
The steam dragon's mind is blasted!
You blow up the steam dragon!
You are engulfed in a cloud of scalding steam.
You die... .PPP.P.P

#.......#....
.......P#####..##..##...
PPPPPPPP....#..######†.#
...............#........
...............#........
.........##....##'###..#
.........##....##..#####
.##..##.§##....#....# #.
#@###....+....#
#...†..#.....#....#
+.......#.....##..## ##
#.......+.....##..##..#
######..#####'##.......
####+###....##.......
#.....#.............#
#.....#....)........#
#....###...##..##..#


There were no monsters in sight!

Vanquished Creatures
  Sigmund (D:5)
  A steam dragon (D:6)
  Menkaure (D:5)
  Edmund (D:5)
  Duvessa (D:5)
  A water moccasin (D:6)
  An ogre (D:6)
  A phantom (D:5)
  A scorpion (D:5)
  Dowan (D:5)
  A jelly (D:5)
  An orc priest (D:3)
  A hound (D:4)
  Crazy Yiuf (D:4)
  Terence (D:2)
  A sleepcap (D:5)
  Natasha (twice) (D:2)
  5 iguanas (D:5)
  2 orc wizards
  5 adders
  10 gnolls
  3 dart slugs
  7 orcs
  5 endoplasms
  4 giant cockroaches
  4 goblins
  3 hobgoblins
  8 jackals
  3 quokkas
  8 ball pythons
  9 bats
  3 frilled lizards
  7 kobolds
  6 rats
110 creatures vanquished.

Notes
Turn   | Place    | Note
-------+----------+-------------------------------------------
     0 | D:1      | Bnni the Formicid Fighter began the quest for the Orb.
     0 | D:1      | Reached XP level 1. HP: 18/18 MP: 1/1
   258 | D:1      | Reached XP level 2. HP: 24/24 MP: 2/2
   660 | D:1      | Reached XP level 3. HP: 28/29 MP: 3/3
   678 | D:1      | Reached skill level 3 in Polearms
   977 | D:1      | HP: 1/30 [poisoned by an adder]
  1161 | D:2      | Noticed Terence
  1181 | D:2      | Reached XP level 4. HP: 34/37 MP: 4/4
  1202 | D:2      | Killed Terence
  1261 | D:2      | Noticed Natasha
  1270 | D:2      | Killed Natasha
  1271 | D:2      | Reached skill level 4 in Polearms
  1271 | D:2      | Reached XP level 5. HP: 25/42 MP: 5/5
  1595 | D:2      | Noticed Natasha
  1604 | D:2      | Killed Natasha
  1811 | D:3      | Reached XP level 6. HP: 43/49 MP: 6/6
  1890 | D:3      | Reached skill level 5 in Polearms
  1941 | D:3      | Found a faded altar of an unknown god.
  1945 | D:3      | Found a burning altar of Makhleb.
  2163 | D:3      | Found an iron altar of Okawaru.
  2189 | D:3      | You fall into a shaft and drop 1 floor!
  2189 | D:4      | Found a radiant altar of Vehumet.
  2318 | D:4      | Reached skill level 5 in Fighting
  2467 | D:4      | Found Rosmi's Weapon Emporium.
  2488 | D:4      | Found Biustow's General Store.
  2935 | D:4      | Found a staircase to the Ecumenical Temple.
  2944 | Temple   | Entered the Ecumenical Temple
  3147 | D:4      | Found a runed translucent door.
  3148 | D:4      | Noticed Crazy Yiuf
  3153 | D:4      | Killed Crazy Yiuf
  3154 | D:4      | Reached XP level 7. HP: 56/56 MP: 7/7
  3305 | D:4      | Found Gesixt's Armour Shop.
  3824 | D:5      | Entered Level 5 of the Dungeon
  3836 | D:5      | Reached skill level 6 in Polearms
  3904 | D:5      | Noticed Menkaure
  3907 | D:5      | Killed Menkaure
  3916 | D:5      | Noticed Duvessa
  3916 | D:5      | Noticed Dowan
  3927 | D:5      | Killed Duvessa
  3932 | D:5      | Killed Dowan
  3933 | D:5      | Reached skill level 7 in Polearms
  3933 | D:5      | Reached XP level 8. HP: 16/64 MP: 8/8
  4324 | D:5      | Noticed Sigmund
  4333 | D:5      | Killed Sigmund
  4416 | D:5      | Found a shimmering blue altar of Sif Muna.
  4432 | D:5      | Reached skill level 8 in Polearms
  4435 | D:5      | Got Sif Muna's Writings on Chilblains
  4438 | D:5      | Got Sif Muna's Elucidation of Imprecation
  4783 | D:5      | Noticed Edmund
  4801 | D:5      | Killed Edmund
  5114 | D:6      | Reached XP level 9. HP: 70/72 MP: 9/9
  5145 | D:6      | Reached skill level 9 in Polearms
  5183 | D:6      | Engulfed by a cloud of steam

Illustrated notes

Levels and vault maps discovered:
D:1:      onia_arrival_pentagram, layout_basic, hangedman_decor_opposing,
          kennysheep_boxes
D:2:      layout_rooms, uniq_natasha, uniq_terence
D:3:      layout_loops_ring, nicolae_overflow_ecumenical_swirl,
          mainiacjoe_overflow_alcove_1
D:4:      layout_loops_ring, old_standard_altar, lemuel_temple_firewalk_b,
          serial_shops, shop, shop, shop, uniq_crazy_yiuf_cottage
D:5:      layout_gridville, nicolae_sif_muna_little_library, uniq_edmund,
          uniq_duvessa, uniq_sigmund, uniq_menkaure
D:6:      layout_gridville, minmay_hedge_maze
Temple:   regret_index_temple_waves

Skill      XL: |  1  2  3  4  5  6  7  8  9 |
---------------+----------------------------+-----
Polearms       | 3 4 5 7 8 9 |  9.0
Fighting       | 4 5 6 7 |  7.4
Armour         | |  3.2
Shields        | |  4.0

Action                     |  1- 3 |  4- 6 |  7- 9 || total
---------------------------+-------+-------+-------++-------
  Melee: Trident           |    97 |   164 |       ||   261
         Dagger            |       |     9 |       ||     9
         Unarmed           |       |     4 |       ||     4
         Halberd           |       |    33 |   108 ||   141
  Throw: Dart              |       |       |    11 ||    11
         Throwing net      |       |       |     1 ||     1
Ability: Dig               |     1 |       |     2 ||     3
  Evoke: Wand              |       |       |     2 ||     2
    Use: Potion            |       |       |     1 ||     1
   Stab: Paralysed         |       |       |     5 ||     5
 Armour: Scale mail        |    52 |    85 |    24 ||   161
         Skin              |       |     1 |       ||     1
  Dodge: Dodged            |    73 |    82 |    30 ||   185
  Block: Buckler           |    33 |    45 |    16 ||    94
